 Dungeon Crawl Stone Soup version 0.31-a0-271-gb88eb75e06 (webtiles) character file.

Game seed: 8126610522105098033

7 HallandMoats the Trooper (level 1, -1/18 HPs)
             Began as a Demonspawn Fighter on July 15, 2023.
             Slain by a gnoll
             ... wielding a +0 whip
              (5 damage)
             ... on level 1 of the Dungeon.
             The game lasted 00:00:34 (195 turns).

HallandMoats the Trooper (Demonspawn Fighter)        Turns: 195, Time: 00:00:35

Health: -1/18      AC:  8    Str: 16    XL:     1   Next: 83%
Magic:  1/1        EV:  9    Int:  9    God:
Gold:   7          SH:  4    Dex: 12    Spells: 0/0 levels left

rFire   . . .        a - +0 war axe
rCold   . . .        c - +0 buckler
rNeg    . . .        b - +0 scale mail
rPois   .            (no helmet)
rElec   .            (no cloak)
rCorr   .            h - +0 pair of gloves
SInv    .            g - +0 pair of boots
Will    .....        (no amulet) Stlth
                     (no ring)
HPRegen 0.23/turn    (no ring)
MPRegen 0.07/turn

%: no passive effects
@: no status effects
A: no striking features
a: no special abilities


You were on level 1 of the Dungeon.
You visited 1 branch of the dungeon, and saw 1 of its levels.

You collected 7 gold pieces.

Inventory:

Hand Weapons
 a - a +0 war axe (weapon)
Armour
 b - a +0 scale mail (worn)
 c - a +0 buckler (worn)
 g - a +0 pair of boots (worn)
 h - a +0 pair of gloves (worn)
Scrolls
 f - a scroll of identify {unknown}
 i - a scroll of brand weapon {unknown}
Potions
 d - a potion of might
 e - a potion of enlightenment {unknown}


   Skills:
 * Level 3.1 Fighting
 * Level 1.9 Axes
 + Level 2.7 Armour
 + Level 0.3 Dodging
 + Level 2.7 Shields


You couldn't memorise any spells.
You didn't know any spells.
Your spell library was empty.

Dungeon Overview and Level Annotations

Branches:
Dungeon (1/15)

Altars:


Message History

A hobgoblin is nearby!
A hobgoblin is nearby!
The hobgoblin hits you but does no damage.
You hit the hobgoblin.
You kill the hobgoblin!
Found a leather armour and 5 stones.
A gnoll comes into view. It is wielding a +0 whip.
The gnoll shouts!
A quokka comes into view.
There are monsters nearby!
There are monsters nearby!
Found 2 poisoned darts and a scroll labelled XIKEOS XEILI.
The gnoll barely misses you.
The quokka bites you but does no damage.
You hit the gnoll.
The gnoll is moderately wounded.
You closely miss the quokka. You block the quokka's attack.
The gnoll barely misses you.
You barely miss the gnoll.
The gnoll is moderately wounded.
You hit the quokka.
You kill the quokka!
The gnoll completely misses you. The gnoll hits you with a +0 whip.
You closely miss the gnoll.
The gnoll is moderately wounded.
The gnoll hits you with a +0 whip.
You closely miss the gnoll.
The gnoll is moderately wounded.
You block the gnoll's attack. x2
You closely miss the gnoll.
The gnoll is moderately wounded.
The gnoll hits you with a +0 whip.
You closely miss the gnoll.
The gnoll is moderately wounded.
The gnoll hits you with a +0 whip.
* * * LOW HITPOINT WARNING * * *
You slash the gnoll!
The gnoll is almost dead.
The gnoll barely misses you. The gnoll hits you with a +0 whip.
You die...

.......... .......# .###
.#####.# ..# #########?
...###.####.###.....#...
##.......##.##..........
#####.#......$.........
#.######........... #.#
#..........( #.#
#.[.@†...... #.#
#....g...... #.#
#........... #.#
##...(...... ##.....#...
#.#.### ## #...# #. ##


You could see a gnoll.

Vanquished Creatures
  A goblin (D:1)
  A hobgoblin (D:1)
  A kobold (D:1)
  A quokka (D:1)
  A ball python (D:1)
  A rat (D:1)
6 creatures vanquished.

Notes
Turn   | Place    | Note
-------+----------+-------------------------------------------
     0 | D:1      | HallandMoats the Demonspawn Fighter began the quest for the
                  | Orb.
     0 | D:1      | Reached XP level 1. HP: 18/18 MP: 1/1
   195 | D:1      | Slain by a gnoll

Illustrated notes

Levels and vault maps discovered:
D:1:      minmay_arrival_doors, layout_rooms

Action                     || total
---------------------------++-------
  Melee: War axe           ||    21
 Armour: Scale mail        ||     8
  Dodge: Dodged            ||     7
  Block: Buckler           ||     6

Table legend: (Time is in decaauts)
 A = Elapsed time spent in this place.
 B = Non-inter-level travel time spent in this place.
 C = Inter-level travel time spent in this place.
 D = Time resting spent in this place.
 E = Time spent auto-exploring this place.
 F = Levels seen in this place.
 G = Mean time per level.
                   A        B        C        D        E       F      G
               +--------+--------+--------+--------+--------+-----+--------+
         Total |    203 |    203 |      0 |      0 |    112 |   1 |  203.0 |
       Dungeon |    203 |    203 |      0 |      0 |    112 |   1 |  203.0 |
               +--------+--------+--------+--------+--------+-----+--------+

Top non-repeatable levels by time:
     D:1: 203 daAuts
